 Dungeon Crawl Stone Soup version 0.14-a0-1837-g7fb8695 (webtiles) character file.

343 M4edhros the Vexing (level 5, -1/33 HPs)
             Began as an Octopode Arcane Marksman on Jan 10, 2014.
             Slain by a worker ant (5 damage)
             ... on Level 4 of the Dungeon.
             The game lasted 00:04:13 (2031 turns).

M4edhros the Vexing (Octopode Arcane Marksman)      Turns: 2031, Time: 00:04:13

HP  -1/33        AC  1     Str 10      XL: 5   Next: 87%
MP  11/11        EV 13     Int 17      God:
Gold 133         SH  0     Dex 11      Spells:  1 memorised,  9 levels left

rFire  . . .     SeeInvis .     e - +0 sling
rCold  . . .     Clarity  .     (no shield)
rNeg   . . .     Conserve .     (helmet restricted)
rPois  .         rCorr    .     (no amulet)
rElec  .         rRot     .     (no ring)
SustAb . .       Spirit   .     (no ring)
rMut   .         Warding  .     (no ring)
Saprov . . .     Stasis   .     (no ring)
                                (no ring)
                                (no ring)
                                (no ring)
                                (no ring)

@: slightly resistant to hostile enchantments, fairly stealthy
A: almost no armour, amphibious, 8 rings, constrict 8, camouflage 1, gelatinous
body 1
a: no special abilities


You were on level 4 of the Dungeon.
You were very hungry.

You visited 1 branch of the dungeon, and saw 4 of its levels.

You collected 133 gold pieces.

Inventory:

Hand weapons
 b - a +0,+0 sling
 e - a +0,+0 sling (weapon)
Missiles
 c - 9 sling bullets
 s - 9 steel sling bullets (quivered)
 u - 13 stones
 x - 4 javelins
Magical devices
 y - a wand of magic darts (7)
Comestibles
 f - 3 bread rations
 g - a meat ration
 h - a beef jerky
 o - a choko
Scrolls
 a - a scroll of amnesia {unknown}
 j - 7 scrolls of remove curse {unknown}
 k - 6 scrolls of identify {unknown}
 n - a scroll of enchant armour {unknown}
 v - a scroll of teleportation {unknown}
 w - a scroll of curse weapon {unknown}
 z - a scroll of fear {unknown}
Jewellery
 i - an uncursed ring of magical power {unknown}
 l - an uncursed amulet of warding {unknown}
 m - a +2 ring of protection {unknown}
 q - an uncursed ring of sustenance {unknown}
 t - a cursed ring of teleportation {unknown}
Books
 d - a book of Debilitation

   Spells                             Type                      Level
   *Corona                            Hexes                        1
   Slow                               Hexes                        2
   Inner Flame                        Hexes/Fire                   3
   Enslavement                        Hexes                        4
   Cause Fear                         Hexes                        4
   Leda's Liquefaction                Hexes/Earth                  4


   Skills:
 - Level 1.0 Fighting
 + Level 2.9 Slings
 + Level 3.1 Dodging
 * Level 3.3 Spellcasting
 + Level 3.9 Hexes


You had 9 spell levels left.
You knew the following spells:

 Your Spells              Type           Power        Failure   Level  Hunger
a - Corona                Hex            ###....      3%          1    None


Dungeon Overview and Level Annotations

Branches:
Dungeon (4/16)             Temple (0/1) D:4

Altars:


Innate Abilities, Weirdness & Mutations

You cannot wear most types of armour.
You are amphibious.
You can wear up to eight rings at the same time.
You can use your tentacles to constrict many enemies at once.
Your skin changes colour to match your surroundings (Stlth).
Your rubbery body absorbs attacks (AC +1).


Message History

Quivering
s - 11 steel sling bullets for slings.
Firing (i - inventory. (,) - cycle):
s - 11 steel sling bullets (quivered)
Press: ? - help, Shift-Dir - straight line, f/p - worker ant
Aim: a worker ant (heavily wounded)
You shoot a steel sling bullet.
The steel sling bullet hits the worker ant.
The worker ant is heavily wounded.
* * * LOW HITPOINT WARNING * * *
You feel sick.
You feel better. The worker ant bites you.
* * * LOW HITPOINT WARNING * * *
Firing (i - inventory. (,) - cycle):
s - 10 steel sling bullets (quivered)
Press: ? - help, Shift-Dir - straight line, f/p - worker ant
Aim: a worker ant (heavily wounded)
You shoot a steel sling bullet.
The steel sling bullet hits the worker ant.
The worker ant is severely wounded.
The worker ant bites you.
You die...

###### #....# #....#
#....#
#....##############
#.................#
#....##....<....#.#
#....##........@#.#
#....##........a#.#
#....##.........#.#
##.####.........#.#
#.# #.........#.#
#.# #)........#.#
###.###########..#.#
.........# #(.#.#
###.####.# .(..#.#


You could see a worker ant.

Vanquished Creatures
  A goliath beetle (D:4)
  A hound (D:4)
  A scorpion (D:4)
  A worker ant (D:4)
  A hound skeleton (D:4)
  3 adders
  2 worms (D:4)
  3 giant geckos
  6 bats
  A giant cockroach (D:2)
  6 goblins
  6 hobgoblins
  5 jackals (D:1)
  8 kobolds
  6 giant newts
  2 rats
53 creatures vanquished.

Notes
Turn   | Place    | Note
--------------------------------------------------------------
     0 | D:1      | M4edhros, the Octopode Arcane Marksman, began the quest for the Orb.
     0 | D:1      | Reached XP level 1. HP: 13/13 MP: 2/2
    78 | D:1      | Reached XP level 2. HP: 18/18 MP: 3/3
   398 | D:1      | Reached XP level 3. HP: 23/23 MP: 5/5
   960 | D:3      | Reached XP level 4. HP: 28/28 MP: 7/7
  1329 | D:4      | Reached XP level 5. HP: 17/33 MP: 9/9
  1702 | D:4      | Found a staircase to the Ecumenical Temple.
  2031 | D:4      | Slain by a worker ant

Action                   |  1- 3 |  4- 6 || total
-------------------------+-------+-------++-------
Melee: Unarmed           |    10 |       ||    10
 Fire: Sling             |    76 |   126 ||   202
Throw: Javelin           |       |     4 ||     4
Evoke: Wand              |       |     4 ||     4
  Use: Potion            |     1 |     2 ||     3
